 Dungeon Crawl Stone Soup version 0.23-a0-54-gae6112e (webtiles) character file.

57 MovingMist the Distorting Demonspawn (level 3, -7/29 HPs)
             Began as a Demonspawn Abyssal Knight on Aug 8, 2018.
             Was a Believer of Lugonu.
             Mangled by a worm (8 damage)
             ... on level 2 of the Dungeon.
             The game lasted 00:02:34 (1008 turns).

MovingMist the Distorting Demonspawn (DsAK)         Turns: 1008, Time: 00:02:35

Health: -7/29      AC:  6    Str: 13    XL:     3   Next: 73%
Magic:  6/6        EV: 10    Int: 13    God:    Lugonu [**....]
Gold:   109        SH:  0    Dex: 12    Spells: 2/2 levels left

rFire    . . .     SeeInvis .   a - +1 hand axe
rCold    . . .     Gourm    .   (no shield)
rNeg     . . .     Faith    .   e - +0 ring mail
rPois    .         Spirit   .   (no helmet)
rElec    .         Reflect  .   (no cloak)
rCorr    .         Harm     .   (no gloves)
MR       .....                  h - +0 pair of boots
Stlth    +.........             (no amulet)
HPRegen  0.09/turn              (no ring)
MPRegen  0.10/turn              (no ring)

@: no status effects
A: powered by death 1
a: Depart the Abyss, Bend Space, Renounce Religion


You were on level 2 of the Dungeon.
You worshipped Lugonu.
Lugonu was pleased with you.
You were hungry.

You visited 1 branch of the dungeon, and saw 2 of its levels.
You visited the Abyss 1 time.

You collected 109 gold pieces.

Inventory:

Hand Weapons
 a - a +1 hand axe (weapon)
Missiles
 g - 2 tomahawks (quivered)
Armour
 e - a +0 ring mail (worn)
 h - a +0 pair of boots (worn)
Scrolls
 d - a scroll of fear {unknown}
 i - a scroll of magic mapping {unknown}
 j - a scroll of fog {unknown}
 k - a scroll of immolation {unknown}
 p - a scroll of random uselessness {unknown}
 q - a scroll of remove curse {unknown}
Potions
 f - 2 potions of heal wounds {unknown}
 l - a potion of flight {unknown}
 m - a potion of cancellation {unknown}
 n - a potion of mutation {unknown}
 o - 3 potions of curing {unknown}
Comestibles
 b - 3 chunks of flesh
 c - 3 rations


   Skills:
 - Level 3.2 Fighting
 + Level 2.4 Axes
 - Level 1.7 Armour
 - Level 0.8 Dodging
 * Level 4.3 Invocations


You had 2 spell levels left.
You didn't know any spells.
Your spell library was empty.

Dungeon Overview and Level Annotations

Branches:
Dungeon (2/15)

Altars:


Innate Abilities, Weirdness & Mutations

You regenerate a little health from kills.


Message History

The adder zombie barely misses you.
You hit the adder zombie.
The adder zombie is almost destroyed.
The adder zombie bites you. x2
* * * LOW HITPOINT WARNING * * *
You hit the adder zombie.
You destroy the adder zombie!
Lugonu accepts your kill.
You barely miss the worm. You hit the worm.
The worm is lightly wounded.
The worm bites you.
You hit the worm.
The worm is moderately wounded.
The worm bites you!
* * * LOW HITPOINT WARNING * * *
You hit the worm.
The worm is heavily wounded.
The worm bites you!
You die...

#.# #.# # #.# §§
.# #.# §##.### #.#
.§....# #.#
§...... #.#
§§..... ##.#
###########.......
...#
#....>..@w........
####
#.#########.......
#.# ..$.... #.#
....... #.#
####### #.# #.#
#.# #.##


You could see a worm.

Vanquished Creatures
  An adder (D:2)
  An adder zombie (D:2)
  2 adder skeletons (D:2)
  A worm (D:2)
  A dart slug (D:1)
  4 leopard geckos
  2 giant cockroaches (D:1)
  4 goblins
  2 hobgoblins (D:2)
  2 jackals (D:1)
  3 kobolds (D:1)
  A quokka (D:2)
  2 bats
  A frilled lizard (D:2)
  A giant cockroach zombie (D:2)
  A rat (D:1)
29 creatures vanquished.

Notes
Turn   | Place    | Note
-------+----------+-------------------------------------------
     0 | Abyss:1  | MovingMist the Demonspawn Abyssal Knight began the quest for the Orb.
     0 | Abyss:1  | Reached XP level 1. HP: 18/18 MP: 2/2
    14 | D:1      | Escaped the Abyss
   191 | D:1      | Reached skill level 3 in Invocations
   238 | D:1      | Gained mutation: You regenerate a little health from kills. [demonic ancestry]
   238 | D:1      | Reached XP level 2. HP: 21/24 MP: 4/4
   699 | D:2      | Reached XP level 3. HP: 29/29 MP: 5/5
   817 | D:2      | Reached ** piety under Lugonu
   817 | D:2      | Reached skill level 4 in Invocations
  1007 | D:2      | HP: 1/29 [worm (10)]
  1008 | D:2      | Mangled by a worm

Vault maps used:
D:1:      minmay_arrival_open_corners
D:2:      serial_undead, serial_undead_a, serial_undead_e, serial_undead_b,
          serial_undead_e, serial_undead_f, serial_undead_b

Skill      XL: |  1  2  3 |
---------------+----------+-----
Invocations    | 3 4 |  4.3
Axes           | 2 |  2.4
Fighting       | |  3.2
Armour         | |  1.7
Dodging        | |  0.8

Action                   || total
-------------------------++-------
Melee: Hand axe          ||   134
Armor: Ring mail         ||    68
Dodge: Dodged            ||    82

Table legend:
 A = Spawn XP
 B = Non-spawn XP
 C = Spawn XP percentage of total XP
 D = Spawn monster count
 E = Non-spawn monster count
 F = Spawn count percentage of total count
 G = Total turns spent on level
                    A         B        C        D         E        F      G
               +---------+---------+-------+---------+---------+-------+---------
         Total |       0 |      82 |   0.0 |       0 |      29 |   0.0 |  1008
               +---------+---------+-------+---------+---------+-------+---------
           D:1 |       0 |      33 |   0.0 |       0 |      16 |   0.0 |   562
           D:2 |       0 |      49 |   0.0 |       0 |      13 |   0.0 |   432
               +---------+---------+-------+---------+---------+-------+---------
